 Dungeon Crawl Stone Soup version 0.30.1-11-g7821555f0a (webtiles) character file.

Game seed: 4190716798612386421

1274 taloncarde the Caller (level 8, -5/60 HPs)
             Began as an Armataur Summoner on Dec 11, 2023.
             Was a Priest of Hepliaklqana.
             Shot with an arrow by a centaur (7 damage)
             ... on level 5 of the Dungeon on Dec 18, 2023.
             The game lasted 01:02:18 (4521 turns).

taloncarde the Caller (Armataur Summoner)           Turns: 4521, Time: 01:02:18

Health: -5/60      AC:  8    Str: 13    XL:     8   Next: 28%
Magic:  15/15      EV: 10    Int: 19    God:    Hepliaklqana [***...]
Gold:   182        SH:  0    Dex: 10    Spells: 2/17 levels left

rFire   . . .        B - +4 hand axe (heavy)
rCold   . . .        (no shield)
rNeg    . . .        a - +0 robe
rPois   .            (no helmet)
rElec   .            (no cloak)
rCorr   .            (no gloves)
SInv    .            (no barding)
Will    .....        h - amulet of magic regeneration
Stlth   ++           f - ring of wizardry
HPRegen 0.30/turn    n - +4 ring of protection
MPRegen 0.54/turn

%: roll, wizardry (x1)
@: no status effects
A: reduced essence, large, rugged brown scales 3, deformed body, armoured tail,
roll, long tongue, awkward tongue
a: Renounce Religion, Ancestor Life: Knight, Ancestor Life: Battlemage, Ancestor
Life: Hexer, Recall Ancestor, Ancestor Identity, Transference


You were on level 5 of the Dungeon.
You worshipped Hepliaklqana.
Hepliaklqana was most pleased with you.
You visited 1 branch of the dungeon, and saw 5 of its levels.

You collected 182 gold pieces.

Inventory:

Hand Weapons
 c - a +0 whip
 e - a +2 spectral hand axe
 s - a +1 whip of freezing
 z - a +2 dagger of freezing
 B - a +4 heavy hand axe (weapon)
Armour
 a - a +0 robe (worn)
 m - a +2 scale mail of positive energy
Jewellery
 f - a ring of wizardry (left hand)
 g - a ring of see invisible
 h - an amulet of magic regeneration (around neck)
 n - a +4 ring of protection (right hand)
Wands
 k - a wand of roots (8)
 y - a wand of flame (17)
Scrolls
 d - 2 scrolls of noise
 o - a scroll of teleportation
 p - a scroll of enchant weapon {unknown}
 q - 2 scrolls of identify {unknown}
 r - a scroll of enchant armour {unknown}
 t - 2 scrolls of blinking {unknown}
 v - a scroll of fog {unknown}
 A - a scroll of immolation {unknown}
Potions
 b - a potion of magic
 i - a potion of mutation {unknown}
 j - 2 potions of brilliance {unknown}
 u - a potion of flight {unknown}
 w - a potion of lignification {unknown}
 x - a potion of cancellation {unknown}


   Skills:
 + Level 2.3 Fighting
 + Level 1.9(2.4) Axes
 + Level 2.5(2.9) Maces & Flails
 + Level 2.4 Dodging
 + Level 3.9 Stealth
 + Level 5.0 Spellcasting
 + Level 0.7 Hexes
 + Level 5.2 Summonings
 + Level 1.0 Air Magic


You had 2 spell levels left.
You knew the following spells:

 Your Spells              Type           Power      Damage    Failure   Level
a - Summon Small Mammal   Summ           96%        N/A       1%          1
b - Call Imp              Summ           48%        N/A       1%          2
c - Call Canine Familiar  Summ           24%        N/A       1%          3
d - Summon Guardian Gole  Hex/Summ       16%        N/A       4%          3
e - Summon Lightning Spi  Summ/Air       16%        N/A       14%         4
f - Ensorcelled Hibernat  Hex/Ice        12%        N/A       6%          2

Your spell library contained the following spells:

 Spells                   Type           Power      Damage    Failure   Level
 Tukima's Dance           Hex            7%         N/A       11%         3
 Portal Projectile        Hex/Tloc       12%        N/A       13%         3
 Spider Form              Tmut/Pois      4%         N/A       16%         3
 Anguish                  Hex/Necr       3%         N/A       38%         4
 Blade Hands              Tmut           2%         N/A       77%         5


Dungeon Overview and Level Annotations

Branches:
Dungeon (5/15)
 Temple: D:4-7

Altars:
Fedhas
Hepliaklqana
Makhleb
Nemelex Xobeh
Uskayaw

Annotations:
D:3 3 runed translucent doors, Sakumbe's ghost, weakling HOVM


Innate Abilities, Weirdness & Mutations

Your life essence is reduced to manifest your ancestor. (-10% HP)
You are completely covered in rugged brown scales. (AC +3, +7% HP)
Armour fits poorly on your strangely shaped body.
You have a long armoured tail.
You roll when moving toward enemies. (Rampage)
Your long tongue fully drains potion bottles. (2x potion effects)
Your tongue gives you trouble enunciating. (1.5x scroll delay)


Message History

The centaur hits you but does no damage.
The centaur barely misses you.
Lucius hits the centaur but does no damage.
The centaur attacks as you move away! The centaur hits you.
* * * LOW HITPOINT WARNING * * *
The centaur kicks you but does no damage.
The centaur wields a +0 shortbow.
The centaur shoots an arrow.
The arrow hits you.
* * * LOW HITPOINT WARNING * * *
Lucius hits the centaur.
Casting: Summon Lightning Spire (dangerous; 14% risk of failure)
Confirm with . or Enter, or press ? or * to list all spells.
An electric hum fills the air.
You hear a bow twang.
The arrow hits your lightning spire.
You hear a bow twang.
The arrow barely misses your lightning spire.
An arrow appears from out of your range of vision.
The arrow misses Lucius.
You hear a bow twang.
The arrow hits your lightning spire.
Your lightning spire is destroyed!
Your lightning spire disappears in a puff of smoke!
The centaur unwields a +0 shortbow.
The centaur closely misses Lucius.
The centaur kicks Lucius but does no damage.
The centaur closely misses Lucius. x2; Lucius barely misses the centaur.
The centaur hits Lucius.
The centaur kicks Lucius.
Lucius hits the centaur.
You hear a bow twang.
You hear a bow twang. x2
Lucius has departed this plane of existence.
You see here a quokka corpse.
You roll towards the centaur!
The centaur shoots an arrow.
The arrow hits you.
* * * LOW HITPOINT WARNING * * *
The centaur shoots an arrow.
The arrow hits you.
* * * LOW HITPOINT WARNING * * *
The centaur shoots an arrow.
The arrow hits you!
* * * LOW HITPOINT WARNING * * *
The centaur shoots an arrow.
The arrow hits you!
You die...

#.# .# # #.# .# #
# #.# ..# #
#.#.##..# #
#.#.....# #
#..>.##.# #
#..##.########## #
#@..#....#.....###
#.#.c.##.#........
#...#....#......##
###.####.#......##
#.## #..........
#..###.#.....[##
##.†...####.....
#....#####.....
##.#.#.........


You could see a centaur.

Vanquished Creatures
  A scorpion (D:5)
  3 orc priests (D:5)
  2 orc wizards (D:5)
  5 adders
  5 dart slugs
  3 orcs
  4 endoplasms
  A giant cockroach (D:1)
  A goblin (D:2)
  5 hobgoblins
  2 jackals (D:1)
  4 quokkas
  5 ball pythons
  A bat (D:1)
  2 frilled lizards
  3 rats
47 creatures vanquished.

Vanquished Creatures (collateral kills)
  Sigmund (D:2)
  Duvessa (D:4)
  An ice beast (D:5)
  An ogre (D:4)
  A phantom (D:5)
  A hound (D:4)
  An orc priest (D:5)
  2 sleepcaps (D:5)
  A jelly (D:5)
  5 orc wizards
  Natasha (thrice) (D:2)
  An adder (D:5)
  21 orcs
  2 ball pythons (D:1)
  4 endoplasms
  A giant cockroach (D:2)
  6 goblins
  3 hobgoblins
  5 jackals
  A quokka (D:4)
  A bat (D:2)
  2 frilled lizards
  3 kobolds
  A rat (D:3)
69 creatures vanquished.

Vanquished Creatures (others)
  Dowan (D:4)
  4 ancestors
5 creatures vanquished.

Grand Total: 121 creatures vanquished

Notes
Turn   | Place    | Note
-------+----------+-------------------------------------------
     0 | D:1      | taloncarde the Armataur Summoner began the quest for the
                  | Orb.
     0 | D:1      | Reached XP level 1. HP: 14/14 MP: 3/3
   187 | D:1      | Reached XP level 2. HP: 21/21 MP: 5/5
   566 | D:1      | Reached XP level 3. HP: 28/28 MP: 6/6
   712 | D:1      | Learned a level 2 spell: Call Imp
   716 | D:1      | Learned a level 3 spell: Call Canine Familiar
  1406 | D:2      | Noticed Sigmund
  1420 | D:2      | Killed Sigmund
  1421 | D:2      | Reached skill level 1 in Fighting
  1421 | D:2      | Reached skill level 1 in Maces & Flails
  1421 | D:2      | Reached XP level 4. HP: 37/37 MP: 6/8
  1421 | D:2      | Reached XP level 5. HP: 42/42 MP: 6/9
  1429 | D:2      | Learned a level 3 spell: Summon Guardian Golem
  1504 | D:2      | Noticed Natasha
  1515 | D:2      | Killed Natasha
  1540 | D:2      | Found a faded altar of an unknown god.
  1549 | D:2      | Prayed at the altar of an unknown god.
  1549 | D:2      | Became a worshipper of Hepliaklqana the Forgotten
  1549 | D:2      | Reached * piety under Hepliaklqana
  1636 | D:2      | Noticed Natasha
  1647 | D:2      | Killed Natasha
  1648 | D:2      | Reached XP level 6. HP: 45/45 MP: 9/11
  1658 | D:2      | Noticed Natasha
  1672 | D:2      | Killed Natasha
  2107 | D:3      | Found a runed translucent gate.
  2107 | D:3      | Found a runed translucent gate.
  2107 | D:3      | Found a runed translucent gate.
  2114 | D:3      | Noticed Sakumbe's ghost (weakling HOVM)
  2346 | D:3      | Found a burning altar of Makhleb.
  2601 | D:4      | Reached ** piety under Hepliaklqana
  2698 | D:4      | Found a blossoming altar of Fedhas.
  2729 | D:4      | Reached XP level 7. HP: 50/50 MP: 13/13
  3085 | D:4      | Noticed Duvessa
  3130 | D:4      | Killed Duvessa
  3577 | D:4      | Noticed Dowan
  3596 | D:4      | Killed Dowan
  3765 | D:5      | Entered Level 5 of the Dungeon
  3765 | D:5      | Found a sparkling altar of Nemelex Xobeh.
  3840 | D:5      | Reached skill level 5 in Summonings
  3977 | D:5      | Learned a level 4 spell: Summon Lightning Spire
  3980 | D:5      | Learned a level 2 spell: Ensorcelled Hibernation
  3992 | D:5      | Found a hide-covered altar of Uskayaw.
  4057 | D:5      | Reached *** piety under Hepliaklqana
  4135 | D:5      | Reached skill level 1 in Axes
  4141 | D:5      | Reached XP level 8. HP: 36/59 MP: 15/15
  4361 | D:5      | Reached skill level 1 in Air Magic
  4496 | D:5      | Reached skill level 5 in Spellcasting
  4521 | D:5      | HP: 2/60 [centaur/arrow (8)]
  4521 | D:5      | Shot with an arrow by a centaur

Illustrated notes

Levels and vault maps discovered:
D:1:      dpeg_cavernosity, layout_basic, serial_forest,
          infiniplex_forest_clump_diagonal, infiniplex_forest_clump_medium,
          infiniplex_forest_lined_2, infiniplex_forest_corner_1,
          infiniplex_forest_clump_cross
D:2:      layout_loops_ring, shapermc_ecumenical_altar_venn, uniq_sigmund,
          uniq_natasha
D:3:      layout_rooms, mainiacjoe_overflow_cross_hatched,
          gammafunk_ghost_necromancy
D:4:      layout_loops_ring, nicolae_overflow_crystal_walls,
          minmay_misc_feat_pillars, minmay_misc_feat_tiny, supply_closet_lemuel,
          uniq_duvessa
D:5:      layout_basic, mainiacjoe_overflow_catwalk,
          nemelex_xobeh_ov_fountains_minmay, grunt_decor_junction, minivault_27

Skill      XL: |  1  2  3  4  5  6  7  8 |
---------------+-------------------------+-----
Spellcasting   | 2 3 4 5 |  5.0
Fighting       | 1 2 |  2.3
Maces & Flails | 1 2 |  2.5
Summonings     | 4 5 |  5.2
Stealth        | 3 |  3.9
Dodging        | 2 |  2.4
Axes           | 1 |  1.9
Air Magic      | 1 |  1.0
Hexes          | |  0.7

Action                     |  1- 3 |  4- 6 |  7- 9 || total
---------------------------+-------+-------+-------++-------
  Melee: Whip              |    84 |    53 |     8 ||   145
         Tailslap          |    13 |     8 |     9 ||    30
         Punch             |       |     2 |     2 ||     4
         Hand axe          |       |       |   104 ||   104
   Cast: Summon Small Mamm |    16 |       |       ||    16
         Call Imp          |     4 |       |       ||     4
         Call Canine Famil |     3 |    15 |    10 ||    28
         Summon Guardian G |       |     4 |     3 ||     7
         Summon Lightning  |       |       |     5 ||     5
    Use: Potion            |       |     2 |     3 ||     5
         Scroll            |       |       |     5 ||     5
   Stab: Sleeping          |     3 |     1 |     2 ||     6
         Distracted        |     1 |     1 |     1 ||     3
 Armour: Robe              |    27 |    11 |    57 ||    95
  Dodge: Dodged            |    32 |    23 |    65 ||   120
